AoeStats
← Fantasee

MegaRandom

509340550Analyzed
4v4 RM · 6d ago on Sep 26, 2026· 105m 20s· 8 players
Game mode
Random Map
Map size
Large (8 player)
Population
200
Speed
Normal
Resources
Standard
Victory
Conquest
Starting age
Dark Age
Ending age
Imperial Age
RankedLock teamsTeams togetherTeam positionsShared explorationLock speedFull tech treeHidden civsTurbo modeCheats
Victory
Defeat
🇳🇿 Varangians · New Zealand
1300
+12
🇨🇦 Ethiopians · Canada
1263
+13
🇳🇿 Sicilians · New Zealand
1251
+13
🇳🇿 Britons · New Zealand
1204
+16
🇫🇷 Celts · France
1218
-14
🇺🇸 Varangians · United States
1213
-14
🇨🇿 Mongols · Czechia
1200
-14
🇪🇸 Lithuanians · Spain
1149
-12
Senshi
8:38 Loom
11:45 Feudal Age
12:38 Double-Bit Axe
13:54 Bloodlines
16:25 Horse Collar
23:13 Castle Age
22:43 Gold Mining
24:16 Fletching
24:50 Padded Archer Armor
25:07 Heavy Plow
25:19 Bow Saw
26:59 Stone Mining
28:08 Bodkin Arrow
29:11 Husbandry
33:22 Ballistics
36:05 Town Watch
39:28 Leather Archer Armor
43:40 Imperial Age
41:40 Elite Skirmisher
44:24 Bracer
43:48 Cranequins
46:50 Chemistry
48:14 Heavy Mounted Crossbowman
50:37 Capped Ram
53:28 Leather Archer Armor
57:34 Pikeman
62:51 Forging
63:12 Ring Archer Armor
68:26 Gambesons
68:44 Scale Mail Armor
69:52 Conscription
78:29 Chain Mail Armor
79:13 Iron Casting
80:02 Plate Mail Armor
82:00 Halberdier
83:59 Blast Furnace
82:26 Elite Varangian Guard
82:46 Halberdier
84:00 Halberdier
84:20 Elite Varangian Guard
85:06 Caravan
86:21 Arson
lalooaloonso
4:44 Loom
11:10 Feudal Age
17:35 Castle Age
16:44 Double-Bit Axe
20:38 Fervor
20:45 Horse Collar
21:11 Gold Mining
27:46 Scale Barding Armor
29:16 Heavy Plow
29:40 Bloodlines
29:35 Husbandry
30:23 Chain Barding Armor
31:05 Light Cavalry
32:35 Wheelbarrow
35:42 Forging
39:16 Imperial Age
37:40 Iron Casting
37:50 Town Watch
39:25 Cavalier
40:51 Plate Barding Armor
40:23 Elite Leitis
41:26 Conscription
41:08 Tower Shields
41:50 Conscription
41:18 Paladin
42:01 Fletching
48:05 Pikeman
48:46 Squires
48:49 Scale Mail Armor
50:11 Halberdier
52:35 Chain Mail Armor
52:16 Bodkin Arrow
54:59 Chemistry
54:21 Ballistics
53:58 Murder Holes
54:14 Bracer
64:07 Medium Warships
66:54 Winged Hussar
69:59 Bow Saw
80:13 Caravan
Tatie
3:57 Loom
11:40 Feudal Age
16:00 Castle Age
14:15 Double-Bit Axe
14:52 Stone Mining
16:02 Gold Mining
22:31 Horse Collar
24:24 Scale Mail Armor
25:29 Fletching
27:55 Chain Mail Armor
27:51 Forging
30:07 Wheelbarrow
31:16 Heavy Plow
31:47 Bow Saw
32:11 Hand Cart
32:15 Town Watch
33:38 Gold Shaft Mining
36:16 Imperial Age
34:44 Stone Shaft Mining
34:38 Bodkin Arrow
37:00 Iron Casting
36:46 Pikeman
37:12 Arson
37:51 Conscription
38:38 Plate Mail Armor
39:09 Blast Furnace
38:04 Halberdier
40:21 Elite Woad Raider
41:17 Capped Ram
42:06 Onager
42:53 Padded Archer Armor
48:48 Leather Archer Armor
50:32 Heavy Scorpion
51:33 Siege Onager
53:00 Furor Celtica
52:40 Stronghold
54:08 Chemistry
53:29 Ballistics
53:32 Siege Ram
54:52 Caravan
59:11 Medium Warships
61:00 Heavy Warships
69:30 Demolition Ship
73:01 Light Cavalry
75:58 Hussar
96:19 Town Patrol
orangepocalypse
10:11 Feudal Age
9:23 Loom
14:33 Castle Age
15:28 Horse Collar
15:34 Double-Bit Axe
19:23 Fletching
23:17 Town Watch
24:09 Wheelbarrow
26:05 Bodkin Arrow
31:51 Padded Archer Armor
35:49 Bloodlines
35:39 Husbandry
36:15 Ballistics
36:43 Husbandry
38:11 Leather Archer Armor
41:44 Imperial Age
40:51 Thumb Ring
41:48 Masonry
42:09 Bow Saw
42:57 Bracer
44:22 Light Cavalry
45:22 Scale Mail Armor
45:30 Scale Barding Armor
45:35 Forging
47:14 Chain Barding Armor
49:46 Conscription
50:24 Elite Mangudai
57:59 Iron Casting
58:26 Chemistry
57:54 Guard Tower
60:48 Hand Cart
63:37 Caravan
65:40 Parthian Tactics
65:51 Heavy Plow
65:13 Hussar
71:10 Blast Furnace
76:02 Hoardings
75:32 Nomads
75:49 Siege Engineers
78:08 Capped Ram
79:27 Siege Ram
84:40 Elite Skirmisher
Fantasee
8:43 Loom
10:46 Feudal Age
11:46 Horse Collar
11:52 Double-Bit Axe
17:40 Scale Barding Armor
21:22 Castle Age
19:45 Bloodlines
20:16 Fletching
20:39 Forging
22:37 Bow Saw
24:19 Heavy Plow
26:29 Wheelbarrow
26:36 Chain Barding Armor
26:32 Husbandry
28:24 Gold Mining
29:34 Iron Casting
38:18 Imperial Age
36:06 Hand Cart
35:57 Town Watch
36:43 Town Patrol
38:23 Cavalier
39:45 Plate Barding Armor
40:11 Blast Furnace
42:16 Scale Mail Armor
41:41 Pikeman
42:22 Squires
44:27 Halberdier
46:15 Chain Mail Armor
46:19 Light Cavalry
49:15 Plate Mail Armor
49:31 Gold Shaft Mining
48:46 Stone Mining
49:54 Conscription
50:48 Arrowslits
52:04 Chemistry
51:16 Masonry
51:24 Fletching
52:30 Stone Shaft Mining
52:35 Ballistics
52:29 Masonry
52:17 Murder Holes
52:35 Hauberk
55:12 Bodkin Arrow
57:42 First Crusade
57:49 First Crusade
64:30 Bracer
64:30 Padded Archer Armor
72:06 Caravan
75:50 Capped Ram
77:30 Siege Ram
86:25 Onager
90:47 Arson
104:26 Siege Onager
104:27 Heavy Scorpion
Scalene Triangle
9:13 Loom
12:37 Feudal Age
16:24 Castle Age
14:27 Double-Bit Axe
14:25 Horse Collar
15:01 Bloodlines
16:19 Scale Barding Armor
21:23 Chain Barding Armor
21:57 Forging
24:37 Wheelbarrow
26:18 Hand Cart
26:12 Husbandry
28:06 Iron Casting
35:08 Imperial Age
33:36 Bow Saw
35:13 Cavalier
36:29 Plate Barding Armor
36:49 Elite Skirmisher
37:21 Fletching
38:34 Blast Furnace
37:34 Padded Archer Armor
37:55 Vendel Legacy
39:11 Fletching
40:01 Conscription
40:59 Chemistry
40:20 Ballistics
40:32 Bodkin Arrow
40:52 Leather Archer Armor
42:03 Bracer
43:21 Ring Archer Armor
47:45 Light Cavalry
50:38 Pikeman
51:18 Squires
51:19 Scale Mail Armor
52:57 Halberdier
53:52 Chain Mail Armor
59:28 Plate Mail Armor
58:32 Heavy Mounted Crossbowman
58:33 Cranequins
89:27 Caravan
96:14 Hussar
101:56 Siege Engineers
102:02 Masonry
LinKenZ
6:37 Loom
12:50 Feudal Age
17:18 Double-Bit Axe
18:30 Horse Collar
20:25 Fletching
20:49 Forging
22:44 Castle Age
23:07 Crossbowman
26:02 Pikeman
31:43 Bodkin Arrow
35:34 Ballistics
43:16 Imperial Age
42:05 Bow Saw
47:21 Arbalester
48:10 Bracer
51:47 Two-Man Saw
50:53 Heavy Plow
58:04 Halberdier
64:00 Squires
75:18 Elite Skirmisher
79:21 Padded Archer Armor
CoronaNChill
4:59 Loom
11:58 Feudal Age
16:20 Castle Age
15:14 Double-Bit Axe
15:30 Fletching
16:23 Crossbowman
22:57 Bow Saw
24:11 Wheelbarrow
26:38 Gold Mining
27:05 Bodkin Arrow
35:58 Imperial Age
33:57 Padded Archer Armor
38:23 Arbalester
39:26 Bracer
39:51 Ballistics
40:31 Chemistry
39:12 Elite Skirmisher
42:51 Two-Man Saw
42:09 Thumb Ring
43:14 Chemistry
42:22 Horse Collar
44:47 Hand Cart
48:15 Town Watch
50:44 Capped Ram
54:57 Medium Warships
57:53 Heavy Warships
70:02 Caravan
82:06 Careening
82:11 Clinker Construction
89:53 Dry Dock
94:43 Conscription
Connection lost

Rejoining the realm…

Still unreachable

The connection could not be restored.

Session expired

The server has moved on; the page needs a fresh start.